 Dungeon Crawl Stone Soup version 0.30-a0-385-gfebfb9b408 (webtiles) character file.

Game seed: 18274989274703427089

673 NinjaNoafa the Ducker (level 7, -7/49 HPs)
             Began as a Djinni Hedge Wizard on Dec 2, 2022.
             Mangled by a vampire mosquito (10 damage)
             ... on level 5 of the Dungeon.
             The game lasted 00:10:04 (4588 turns).

NinjaNoafa the Ducker (Djinni Hedge Wizard)         Turns: 4588, Time: 00:10:04

Health: -7/49      AC:  4    Str:  9    XL:     7   Next: 90%
Gold:   215        EV: 17    Int: 18    God:
                   SH:  0    Dex: 12

rFire   + + .      SeeInvis .    m - +3 whip (flame)
rCold   . . .      Faith    .    (no shield)
rNeg    . . .      Spirit   .    p - +2 robe {Will+}
rPois   ∞          Reflect  .    c - +0 hat
rElec   .          Harm     .    (no cloak)
rCorr   .          Rampage  .    (no gloves)
Will    +....                    (boots unavailable)
Stlth   ++........               (no amulet)
HPRegen 0.28/turn                j - ring of protection from cold
MPRegen 0.00/turn                h - +4 ring of evasion

@: flying
A: sickness immunity, fire resistance 2, cold vulnerability 1, float, innate
caster, HP casting, extra vitality 1
a: no special abilities


You were on level 5 of the Dungeon.
You visited 1 branch of the dungeon, and saw 5 of its levels.

You collected 215 gold pieces.

Inventory:

Hand Weapons
 m - a +3 whip of flaming (weapon)
Missiles
 e - 57 stones
 f - 5 javelins
 v - 9 poisoned darts
 w - 5 boomerangs
Armour
 c - a +0 hat (worn)
 p - a +2 robe of willpower (worn)
Jewellery
 g - a ring of see invisible
 h - a +4 ring of evasion (right hand)
 j - a ring of protection from cold (left hand)
 x - a ring of positive energy
Wands
 z - a wand of mindburst (18)
Scrolls
 b - a scroll of amnesia {unknown}
 n - 5 scrolls of teleportation
 r - a scroll of torment {unknown}
 s - 2 scrolls of vulnerability {unknown}
 t - 2 scrolls of fear {unknown}
 y - 3 scrolls of magic mapping {unknown}
 A - a scroll of enchant armour {unknown}
Potions
 a - 3 potions of curing
 d - a potion of might
 i - 2 potions of lignification
 k - 2 potions of heal wounds {unknown}
 l - a potion of haste {unknown}
 o - a potion of brilliance {unknown}
 q - a potion of mutation {unknown}
 u - a potion of berserk rage {unknown}


   Skills:
 + Level 2.5 Fighting
 - Level 4.8 Dodging
 - Level 3.9 Stealth
 + Level 4.4 Spellcasting


You couldn't memorise any spells.
You knew the following spells:

 Your Spells              Type           Power      Damage    Failure   Level
a - Magic Dart            Conj           80%        1d7       2%          1
b - Slow                  Hex            80%        N/A       2%          1
c - Blink                 Tloc           40%        N/A       3%          2
d - Call Imp              Summ           20%        N/A       3%          2
e - Cigotuvi's Dreadful   Necr/Pois/Air  40%        N/A       3%          2
f - Mephitic Cloud        Conj/Pois/Air  20%        N/A       7%          3
g - Kiss of Death         Conj/Necr      80%        2d11      2%          1
h - Static Discharge      Conj/Air       40%        2-4/arc   3%          2
i - Call Canine Familiar  Summ           20%        N/A       7%          3
Your spell library was empty.

Dungeon Overview and Level Annotations

Branches:
Dungeon (5/15)
 Temple: D:4-7

Altars:
Elyvilon
Nemelex Xobeh


Innate Abilities, Weirdness & Mutations

You are immune to sickness and miasma.
You are immune to poison.
Your flesh is very heat resistant. (rF++)
You are vulnerable to cold. (rC-)
You float through the air rather than walking.
You learn spells naturally, not from books.
Your magical power is your life essence.
You have superior vitality. (+4 MHP)


Message History

There is a stone staircase leading down here.
You fly downwards.
You hear the hiss of flowing sand.
There is an entrance to an ossuary on this level.
Hurry and find it before the portal is buried!
Found 7 gold pieces and a scroll labelled FUKHLI NEULIFECH.
There is a stone staircase leading up here.
You now have 215 gold pieces (gained 7).
A - a scroll labelled FUKHLI NEULIFECH A vampire mosquito comes into view.
A vampire mosquito is nearby!
A vampire mosquito is nearby!
The magic dart hits the vampire mosquito.
The vampire mosquito is lightly damaged.
The vampire mosquito buzzes angrily.
You hear an angry buzzing noise.
A vampire mosquito comes into view.
The magic dart hits the vampire mosquito but does no damage.
The vampire mosquito bites you but does no damage.
The vampire mosquito completely misses you.
The vampire mosquito misses you. The vampire mosquito barely misses you.
The vampire mosquito barely misses you. The vampire mosquito misses you.
The vampire mosquito attacks as you move away!
The vampire mosquito barely misses you.
The vampire mosquito attacks as you move away!
The vampire mosquito barely misses you. The vampire mosquito misses you.
The vampire mosquito bites you but does no damage.
The vampire mosquito attacks as you move away!
The vampire mosquito closely misses you.
The vampire mosquito bites you! The vampire mosquito barely misses you.
The vampire mosquito attacks as you move away!
The vampire mosquito barely misses you. The vampire mosquito bites you! x2
The vampire mosquito attacks as you move away!
The vampire mosquito bites you. The vampire mosquito misses you.
The vampire mosquito bites you!
* * * LOW HITPOINT WARNING * * *
There is a stone staircase leading up here.
The vampire mosquito bites you!
* * * LOW HITPOINT WARNING * * *
The vampire mosquito bites you!
You die...

##......###
..........
...........
#...........
#...........#
#............
#...........#
######.@.........#
.......yy........#
.######..........#
#..........#
##.........#
#.........#
##........#
#.......##
##.......#


You could see 2 vampire mosquitoes.

Vanquished Creatures
  Sigmund (D:2)
  Menkaure (D:4)
  A gnoll bouda (D:4)
  An iguana (D:3)
  A jelly (D:4)
  2 orc wizards (D:3)
  3 adders (D:2)
  5 gnolls (D:4)
  A worm (D:2)
  3 dart slugs
  5 orcs
  8 ball pythons
  5 endoplasms
  2 giant cockroaches
  3 hobgoblins
  6 kobolds
  4 quokkas
  3 bats
  5 frilled lizards
  4 goblins
  4 rats
68 creatures vanquished.

Vanquished Creatures (collateral kills)
  An ice beast (D:3)
  A worm (D:2)
  A ball python (D:2)
  2 kobolds (D:1)
5 creatures vanquished.

Vanquished Creatures (others)
  An orc priest (D:3)
  10 plants (D:1)
11 creatures vanquished.

Grand Total: 84 creatures vanquished

Notes
Turn   | Place    | Note
-------+----------+-------------------------------------------
     0 | D:1      | NinjaNoafa the Djinni Hedge Wizard began the quest for the
                  | Orb.
     0 | D:1      | NinjaNoafa set off with the following spells memorised:
                  | Magic Dart, Slow, Blink, Call Imp, Cigotuvi's Dreadful Rot,
                  | Mephitic Cloud.
     0 | D:1      | Reached XP level 1. HP: 15/15 MP: 0/0
   441 | D:1      | Reached XP level 2. HP: 16/21 MP: 0/0
   772 | D:1      | Found a faded altar of an unknown god.
  1225 | D:2      | Reached XP level 3. HP: 24/25 MP: 0/0
  1225 | D:2      | Learned a level 1 spell: Kiss of Death
  1312 | D:2      | Noticed Sigmund
  1651 | D:2      | Killed Sigmund
  1652 | D:2      | Reached XP level 4. HP: 15/31 MP: 0/0
  1652 | D:2      | Reached XP level 5. HP: 17/35 MP: 0/0
  1652 | D:2      | Learned a level 2 spell: Static Discharge
  1660 | D:2      | Reached XP level 6. HP: 7/40 MP: 0/0
  2350 | D:3      | Noticed an ice beast
  2382 | D:3      | Killed an ice beast
  2542 | D:3      | Reached XP level 7. HP: 13/45 MP: 0/0
  2542 | D:3      | Learned a level 3 spell: Call Canine Familiar
  2785 | D:3      | Found a white marble altar of Elyvilon.
  2916 | D:3      | Became a worshipper of Elyvilon the Healer
  3382 | D:4      | Reached * piety under Elyvilon
  3434 | D:4      | Found a sparkling altar of Nemelex Xobeh.
  3480 | D:4      | Noticed Menkaure
  3489 | D:4      | Fell from the grace of Elyvilon
  3491 | D:4      | Killed Menkaure
  3492 | D:4      | Reached skill level 1 in Fighting
  4562 | D:5      | Entered Level 5 of the Dungeon
  4575 | D:5      | Noticed a vampire mosquito
  4576 | D:5      | Noticed a vampire mosquito
  4588 | D:5      | Mangled by a vampire mosquito

Illustrated notes

Levels and vault maps discovered:
D:1:      dpeg_arrival_tiny_a, layout_basic,
          hellmonk_ecumenical_altar_slurped_away, lexackson_kobold_supper
D:2:      layout_basic, uniq_sigmund
D:3:      layout_rooms, mainiacjoe_overflow_tiny_flanked, minmay_quadrilaterals
D:4:      layout_cave_pods, nemelex_dance_club_becter, glass_columns_a,
          uniq_menkaure
D:5:      layout_cave_pods, amcnicky_altar_gilded, minmay_temple_entry_ruins,
          chequers_ossuary_entry_cave

Skill      XL: |  1  2  3  4  5  6  7 |
---------------+----------------------+-----
Stealth        | 2 3 |  3.9
Dodging        | 4 |  4.8
Spellcasting   | 3 4 |  4.4
Fighting       | 2 |  2.5

Action                   |  1- 3 |  4- 6 |  7- 9 || total
-------------------------+-------+-------+-------++-------
Melee: Dagger            |     4 |       |       ||     4
       Whip              |     1 |     7 |     8 ||    16
Throw: Javelin           |     3 |       |       ||     3
 Cast: Magic Dart        |    61 |    35 |    59 ||   155
       Slow              |    10 |     1 |     3 ||    14
       Call Imp          |     4 |     2 |       ||     6
       Blink             |     4 |     1 |     1 ||     6
       Mephitic Cloud    |     2 |       |       ||     2
       Kiss of Death     |     1 |     2 |       ||     3
       Static Discharge  |       |     8 |    11 ||    19
Invok: Renounce Religion |       |       |     1 ||     1
  Use: Scroll            |     5 |     2 |       ||     7
       Potion            |     1 |       |       ||     1
Armor: Robe              |     6 |     3 |     8 ||    17
Dodge: Dodged            |    36 |    14 |    51 ||   101

Table legend: (Time is in decaauts)
 A = Elapsed time spent in this place.
 B = Non-inter-level travel time spent in this place.
 C = Inter-level travel time spent in this place.
 D = Time resting spent in this place.
 E = Time spent auto-exploring this place.
 F = Levels seen in this place.
 G = Mean time per level.
                   A        B        C        D        E       F      G
               +--------+--------+--------+--------+--------+-----+--------+
         Total |   4586 |   4236 |    350 |     82 |   3475 |   5 |  917.2 |
       Dungeon |   4586 |   4236 |    350 |     82 |   3475 |   5 |  917.2 |
               +--------+--------+--------+--------+--------+-----+--------+

Top non-repeatable levels by time:
     D:1: 1519 daAuts
     D:4: 1224 daAuts
     D:3: 1052 daAuts
     D:2: 763 daAuts
     D:5: 25 daAuts
